 Dungeon Crawl Stone Soup version 0.25.1-2-g60ff931df9 (webtiles) character file.

Game seed: 3127499556875433649

2461 solopath the Frost Mage (level 9, -5/90 HPs)
             Began as a Barachi Ice Elementalist on Nov 5, 2020.
             Was a Priest of Okawaru.
             Slain by an ice beast (10 damage)
             ... on level 7 of the Dungeon.
             The game lasted 00:21:33 (7804 turns).

solopath the Frost Mage (Barachi Ice Elementalist)  Turns: 7804, Time: 00:21:35

Health: -5/90      AC: 24    Str:  9    XL:     9   Next: 50%
Magic:  17/17      EV:  2    Int: 20    God:    Okawaru [***...]
Gold:   312        SH:  0    Dex: 10    Spells: 7/19 levels left

rFire    . . .     SeeInvis .   n - +0 short sword
rCold    . . .     Gourm    .   (no shield)
rNeg     + + +     Faith    .   (armour currently unavailable)
rPois    +         Spirit   .   (helmet currently unavailable)
rElec    .         Reflect  .   (cloak currently unavailable)
rCorr    .         Harm     .   (gloves currently unavailable)
MR       +....     Clarity  +   (boots currently unavailable) Stlth +++.......NoTele +
                                b - amulet of magic regeneration
HPRegen  0.25/turn              o - ring of protection from magic
MPRegen  0.40/turn              (no ring)

@: tree-form, can't hop
A: +LOS, swims, clarity, clumsy 1, mutation resistance 1
a: Heroism, Renounce Religion


You were on level 7 of the Dungeon.
You worshipped Okawaru.
Okawaru was most pleased with you.
You were not hungry.
You were a tree.
You visited 1 branch of the dungeon, and saw 7 of its levels.
You also visited: Sewer.

You collected 312 gold pieces.

Inventory:

Hand Weapons
 n - a +0 short sword (weapon)
Missiles
 e - 34 poisoned darts (quivered)
 j - a throwing net
Armour
 a - a +1 robe (melded)
 l - a +0 cloak
 m - a scarf of invisibility (melded)
 s - a +0 buckler
 A - a +1 hat (melded)
Jewellery
 b - an amulet of magic regeneration (around neck)
 o - a ring of protection from magic (left branch)
 u - an uncursed amulet of the acrobat
Wands
 w - a wand of iceblast (12)
 y - a wand of flame (13)
Scrolls
 d - 3 scrolls of enchant armour
 f - a scroll of fog
 q - 2 scrolls of teleportation
 t - 2 scrolls of identify
 B - a scroll of vulnerability {unknown}
 E - a scroll of blinking {unknown}
Potions
 h - 2 potions of mutation
 i - 2 potions of haste
 k - a potion of berserk rage
 v - a potion of degeneration
 z - 3 potions of curing
 C - a potion of resistance
Comestibles
 c - 9 rations


   Skills:
 + Level 1.6 Fighting
 * Level 2.3 Short Blades
 - Level 2.1 Dodging
 + Level 6.0 Stealth
 + Level 1.5 Shields
 - Level 5.9 Spellcasting
 - Level 3.7 Summonings
 - Level 9.0 Ice Magic
 + Level 3.2 Invocations
 + Level 3.8 Evocations


You had 7 spell levels left.
You knew the following spells:

 Your Spells              Type           Power        Failure   Level  Hunger
a - Freeze                Ice            ####         1%          1    None
b - Frozen Ramparts       Ice            #####.       1%          3    ##.....
c - Hailstorm             Conj/Ice       ###.....     16%         4    ####...
d - Summon Ice Beast      Ice/Summ       ####....     8%          4    ####...

Your spell library contained the following spells:

 Spells                   Type           Power        Failure   Level  Hunger
 Ozocubu's Armour         Chrm/Ice       ###.....     4%          3    ##.....


Dungeon Overview and Level Annotations

Branches:
Dungeon (7/15)             Temple (0/1) D:5           Sewer (visited)

Altars:
Dithmenos
Elyvilon
Fedhas
Hepliaklqana
Nemelex Xobeh
Okawaru
Sif Muna
Wu Jian
The Shining One

Annotations:
D:3 1 transporter


Innate Abilities, Weirdness & Mutations

You can be seen from farther away. (+LOS)
You can swim through water.
((You cover ground slowly.))
((You can hop short distances.))
You possess an exceptional clarity of mind.
You are clumsy. (Dex -2)
You are somewhat resistant to further mutation.


Message History

The ice beast hits you but does no damage.
You hit the ice beast.
The ice beast is heavily wounded.
Your ice beast completely misses the ice beast.
The ice beast hits you but does no damage.
You hit the ice beast.
The ice beast is heavily wounded.
Your ice beast hits the ice beast but does no damage.
The ice beast hits you.
* * * LOW HITPOINT WARNING * * *
The ice beast freezes you.
* * * LOW HITPOINT WARNING * * *
You barely miss the ice beast.
The ice beast is heavily wounded.
Your ice beast hits the ice beast.
Your ice beast freezes the ice beast.
The ice beast completely resists.
The phantom hits your ice beast! The ice beast hits you.
* * * LOW HITPOINT WARNING * * *
The ice beast freezes you!
You die...

###........).#.###.##....# #
............#.# #.####..# .
..............# #.####..###
.........#...# #.##..).<.#
...#W....##.####.##.#..#.# #.
#.............##.#..#.#
##.##.##...####.####.##.#..#.#
#.(.......W###...###.#.......#
#.######..YYY♣.......#.#####>#
#.#####...#####.# #.# #.#
##........# #.. #.# ########.#
#.. #.# #.#####.# ..#
#........ ### #######÷. #..
#..


You could see a phantom, an ice beast and 2 friendly ice beasts.

Vanquished Creatures
  A hippogriff (D:7)
  Sigmund (D:3)
  A hungry ghost (D:5)
  A water moccasin (D:6)
  Purgy (Sewer)
  A phantom (D:4)
  A sky beast (D:5)
  2 ogres
  3 centaurs
  A nameless horror (D:5)
  6 bullfrogs
  A scorpion (D:7)
  A wyvern skeleton (D:7)
  A howler monkey (D:5)
  2 crimson imps
  A quasit (D:5)
  A bullfrog zombie (D:7)
  A jelly (D:7)
  Crazy Yiuf (D:3)
  Jessica (D:2)
  2 iguanas
  Terence (D:2)
  3 worker ants
  A hound skeleton (D:7)
  Robin (D:2)
  A worker ant zombie (D:7)
  8 gnolls
  9 adders
  A shadow imp (D:6)
  2 adder skeletons
  3 worms
  2 dart slugs
  A leopard gecko (D:7)
  5 orcs
  9 giant cockroaches
  17 goblins
  16 hobgoblins
  5 jackals
  3 kobolds (D:1)
  4 quokkas
  11 bats
  3 frilled lizards
  A goblin zombie (D:5)
  4 hobgoblin zombies (D:5)
  A kobold skeleton (D:5)
  2 kobold zombies (D:5)
  An orc skeleton (D:5)
  A quokka skeleton (D:7)
  6 rats
153 creatures vanquished.

Vanquished Creatures (collateral kills)
  An adder (D:7)
1 creature vanquished.

Grand Total: 154 creatures vanquished

Notes
Turn   | Place    | Note
-------+----------+-------------------------------------------
     0 | D:1      | solopath the Barachi Ice Elementalist began the quest for
                  | the Orb.
     0 | D:1      | Reached XP level 1. HP: 13/13 MP: 3/3
   118 | D:1      | Reached skill level 5 in Ice Magic
   148 | D:1      | Reached XP level 2. HP: 16/19 MP: 1/5
   489 | D:1      | Found an iron altar of Okawaru.
   497 | D:1      | Became a worshipper of Warmaster Okawaru
   888 | D:1      | Reached XP level 3. HP: 24/24 MP: 6/6
  1222 | D:2      | Noticed Jessica
  1231 | D:2      | Killed Jessica
  1231 | D:2      | Reached XP level 4. HP: 21/30 MP: 3/8
  1558 | D:2      | Learned a level 3 spell: Frozen Ramparts
  1563 | D:2      | Learned a level 4 spell: Hailstorm
  1687 | D:2      | Reached skill level 6 in Ice Magic
  1711 | D:2      | Found a shimmering blue altar of Sif Muna.
  1797 | D:2      | Noticed Terence
  1805 | D:2      | Killed Terence
  2002 | D:2      | Reached XP level 5. HP: 32/35 MP: 5/9
  2076 | D:2      | Noticed Robin
  2088 | D:2      | Killed Robin
  2146 | D:2      | Found a sparkling altar of Nemelex Xobeh.
  2320 | D:3      | Found a transporter.
  2326 | D:3      | Found a transporter.
  2892 | D:3      | Noticed Sigmund
  2907 | D:3      | Killed Sigmund
  2907 | D:3      | Reached skill level 7 in Ice Magic
  2907 | D:3      | Reached XP level 6. HP: 15/41 MP: 7/11
  3250 | D:3      | Found a runed translucent door.
  3251 | D:3      | Noticed Crazy Yiuf
  3621 | D:3      | Killed Crazy Yiuf
  3985 | D:4      | Found a blossoming altar of Fedhas.
  4083 | D:4      | You fall into a shaft and drop 2 floors!
  4101 | D:6      | Reached XP level 7. HP: 4/46 MP: 10/13
  4150 | D:6      | Reached * piety under Okawaru
  4159 | D:6      | Gained mutation: You possess an exceptional clarity of
                  | mind. [potion of mutation]
  4159 | D:6      | Gained mutation: You are clumsy. (Dex -2) [potion of
                  | mutation]
  4159 | D:6      | Gained mutation: You are somewhat resistant to further
                  | mutation. [potion of mutation]
  4205 | D:6      | Reached skill level 8 in Ice Magic
  4284 | D:6      | Found a glowing drain.
  4298 | Sewer    | Entered a sewer
  4485 | Sewer    | Noticed Purgy
  4494 | Sewer    | Killed Purgy
  4674 | D:5      | Entered Level 5 of the Dungeon
  4790 | D:4      | Reached XP level 8. HP: 52/52 MP: 15/15
  4889 | D:4      | Reached skill level 9 in Ice Magic
  4898 | D:4      | Learned a level 4 spell: Summon Ice Beast
  4939 | D:4      | Reached skill level 5 in Spellcasting
  4939 | D:4      | Reached skill level 1 in Evocations
  5385 | D:5      | Reached skill level 1 in Summonings
  5392 | D:5      | Reached skill level 1 in Invocations
  5540 | D:5      | Found a staircase to the Ecumenical Temple.
  5561 | D:5      | Reached skill level 5 in Stealth
  5587 | D:5      | Reached ** piety under Okawaru
  5841 | D:5      | Found a glowing golden altar of the Shining One.
  6509 | D:6      | Reached XP level 9. HP: 41/57 MP: 15/17
  6665 | D:6      | Found a shadowy altar of Dithmenos.
  6672 | D:6      | Found a hazy altar of Hepliaklqana.
  6672 | D:6      | Found an ornate altar of the Wu Jian Council.
  6672 | D:6      | Found a white marble altar of Elyvilon.
  7145 | D:7      | Reached skill level 1 in Short Blades
  7195 | D:7      | Reached skill level 1 in Fighting
  7242 | D:7      | Reached *** piety under Okawaru
  7242 | D:7      | Reached skill level 1 in Shields
  7804 | D:7      | Slain by an ice beast

Illustrated notes

Levels and vault maps discovered:
D:1:      dpeg_arrival_rooms_a, layout_basic, okawaru_ov_weapons_minmay
D:2:      layout_basic, lemuel_coloured_pillars_altar, nemelex_altar_shiori,
          uniq_terence, uniq_jessica, uniq_robin
D:3:      gammafunk_steamed_eel, layout_loops_ring, uniq_sigmund,
          uniq_crazy_yiuf_cottage
D:4:      layout_loops_ring, overflow_temple_1_default
D:5:      layout_loops_ring, nicolae_tso_besieged_by_evil, temple_doors_e,
          first_ration
D:6:      layout_rooms, grunt_temple_overflow_open, gup_sewer_entry_glass
D:7:      layout_loops_ring, minitemple

Skill      XL: |  1  2  3  4  5  6  7  8  9 |
---------------+----------------------------+-----
Ice Magic      | 5 6 7 8 9 |  9.0
Stealth        | 2 3 4 5 6 |  6.0
Spellcasting   | 3 4 5 |  5.9
Evocations     | 3 |  3.8
Summonings     | 3 |  3.7
Invocations    | 2 3 |  3.2
Short Blades   | 2 |  2.3
Fighting       | 1 |  1.6
Shields        | 1 |  1.5
Dodging        | |  2.1

Action                   |  1- 3 |  4- 6 |  7- 9 || total
-------------------------+-------+-------+-------++-------
Melee: Dagger            |    32 |       |       ||    32
       Club              |     1 |    62 |   134 ||   197
       Short sword       |     3 |       |    30 ||    33
       Punch             |       |       |     1 ||     1
Throw: Dart              |     6 |    30 |    25 ||    61
       Javelin           |       |     1 |    11 ||    12
 Cast: Freeze            |    32 |    48 |    82 ||   162
       Frozen Ramparts   |       |     6 |    17 ||    23
       Summon Ice Beast  |       |       |     4 ||     4
Invok: Heroism           |       |       |     5 ||     5
 Abil: Hop               |       |     4 |     2 ||     6
  Use: Scroll            |       |     6 |     5 ||    11
       Potion            |       |     4 |     5 ||     9
 Stab: Sleeping          |     3 |     1 |     6 ||    10
       Distracted        |     1 |       |     3 ||     4
  Eat: Chunk             |     2 |     7 |    14 ||    23
       Ration            |       |     1 |     1 ||     2
Armor: Robe              |    22 |    15 |    63 ||   100
       Skin              |       |    18 |    12 ||    30
Dodge: Dodged            |    51 |    61 |   176 ||   288
